 Dungeon Crawl Stone Soup version 0.24.0-1-gfbc8707122 (webtiles) character file.

Game seed: 6154514366455766589, levelgen mode: deterministic

166 kirsanium the Sneak (level 5, -4/31 HPs)
             Began as an Octopode Wizard on Oct 28, 2019.
             Slain by a worker ant (5 damage)
             ... on level 4 of the Dungeon.
             The game lasted 00:11:12 (3959 turns).

kirsanium the Sneak (Octopode Wizard)               Turns: 3959, Time: 00:11:14

Health: -4/31      AC:  1    Str:  7    XL:     5   Next: 47%
Magic:  10/10      EV: 13    Int: 21    God:
Gold:   128        SH:  0    Dex: 10    Spells: 8/11 levels left

rFire    . . .     SeeInvis .   g - +0 dagger
rCold    . . .     Gourm    .   (no shield)
rNeg     . . .     Faith    .   a - +0 hat
rPois    .         Spirit   .   b - amulet of magic regeneration
rElec    .         Reflect  .   (no ring)
rCorr    .         Harm     .   (no ring)
MR       .....                  (no ring)
Stlth    ++++......             (no ring)
HPRegen  0.10/turn              (no ring)
MPRegen  0.37/turn              (no ring)
                                (no ring)
                                (no ring)

@: lethally poisoned (-4 -> -10)
A: almost no armour, stealthy swim, amphibious, 8 rings, constrict 8, camouflage
1, gelatinous body 1
a: no special abilities


You were on level 4 of the Dungeon.
You were near starving.

You visited 1 branch of the dungeon, and saw 4 of its levels.

You collected 128 gold pieces.

Inventory:

Hand Weapons
 g - a +0 dagger (weapon)
Missiles
 p - 2 throwing nets (quivered)
Armour
 a - a +0 hat (worn)
 s - a cursed -1 buckler
Jewellery
 b - an amulet of magic regeneration (around mantle)
 u - a cursed -5 ring of evasion {unknown}
Scrolls
 e - 2 scrolls of remove curse {unknown}
 f - 4 scrolls of identify
 h - a scroll of amnesia {unknown}
 j - a scroll of enchant weapon {unknown}
 k - a scroll of fog {unknown}
 l - a scroll of enchant armour {unknown}
 m - a scroll of immolation {unknown}
 r - a scroll of blinking {unknown}
Potions
 d - 4 potions of heal wounds {unknown}
 i - a potion of mutation {unknown}
 n - a potion of berserk rage {unknown}
 o - a potion of agility {unknown}
 q - 2 potions of curing
 t - a potion of lignification {unknown}
 w - a potion of cancellation {unknown}
Comestibles
 c - 5 rations


   Skills:
 - Level 2.0 Dodging
 * Level 5.4 Stealth
 + Level 3.6 Spellcasting
 + Level 1.5 Conjurations
 * Level 2.9 Summonings
   Level 1.0 Translocations


You had 8 spell levels left.
You knew the following spells:

 Your Spells              Type           Power        Failure   Level  Hunger
a - Magic Dart            Conj           ##..         7%          1    None
b - Call Imp              Summ           ###.....     5%          2    ##.....

Your spell library contained the following spells:

 Spells                   Type           Power        Failure   Level  Hunger
 Summon Small Mammal      Summ           ###.         3%          1    None
 Apportation              Tloc           #.....       9%          1    None
 Blink                    Tloc           N/A          12%         2    ##.....
 Animate Skeleton         Necr           N/A          13%         1    None
 Confusing Touch          Hex            #.....       13%         1    None
 Slow                     Hex            #.......     19%         2    ##.....
 Conjure Flame            Conj/Fire      #.......     26%         3    ###....
 Mephitic Cloud           Conj/Pois/Air  #.......     30%         3    ###....


Dungeon Overview and Level Annotations

Branches:
Dungeon (4/15)
 Temple: D:4-7

Altars:
Gozag
Okawaru
Trog


Innate Abilities, Weirdness & Mutations

You cannot wear most types of armour.
You are very stealthy in the water. (Stealth+)
You are amphibious.
You can wear up to eight rings at the same time.
You can use your tentacles to constrict eight enemies at once.
Your skin changes colour to match your surroundings (Stealth+).
Your rubbery body absorbs attacks. (AC +1, EV +1)


Message History

You release your grip on the worker ant.
* * * LOW HITPOINT WARNING * * *
You feel sick.
Your crimson imp completely misses the worker ant.
Your crimson imp hits the orc.
You feel better.
Your crimson imp hits the worker ant.
The worker ant bites you!
* * * LOW HITPOINT WARNING * * *
Your crimson imp closely misses the worker ant.
Your crimson imp blinks!
The orc hits you from afar with a +0 trident.
* * * LOW HITPOINT WARNING * * *
Your crimson imp blinks!
You feel better. The worker ant bites you.
* * * LOW HITPOINT WARNING * * *
You are lethally poisoned!
The worker ant poisons you! The orc closely misses you.
Your crimson imp barely misses the worker ant.
The worker ant bites you.
You die...

# #..........##
.>.#... .....#.#
.......#........
#..#<#...####
.##...#.§.5...#
.......§.!..####
#.##....o..5...#
###.#..a..(.#
#!...@....#
###...#####
#..?# #...#
s...# ###..#
#..# #..#


You could see a worker ant, an orc, a giant cockroach (sleeping) and 2 friendly
crimson imps.

Vanquished Creatures
  A scorpion (D:4)
  An ooze (D:4)
  2 worms (D:2)
  3 dart slugs
  4 leopard geckos
  A ball python (D:1)
  3 giant cockroaches (D:2)
  5 goblins
  4 hobgoblins
  3 kobolds
  2 quokkas
  5 bats
  A frilled lizard (D:2)
  3 rats
38 creatures vanquished.

Vanquished Creatures (collateral kills)
  A centaur (D:3)
  2 adders (D:3)
  A worm (D:3)
  A giant cockroach (D:2)
  5 goblins (D:2)
  A hobgoblin (D:2)
11 creatures vanquished.

Grand Total: 49 creatures vanquished

Notes
Turn   | Place    | Note
-------+----------+-------------------------------------------
     0 | D:1      | kirsanium the Octopode Wizard began the quest for the Orb.
     0 | D:1      | Reached XP level 1. HP: 11/11 MP: 4/4
    37 | D:1      | You fall into a shaft and drop 1 floor!
    68 | D:2      | Found a bloodstained altar of Trog.
   346 | D:1      | Reached skill level 3 in Stealth
   855 | D:1      | Reached XP level 2. HP: 17/17 MP: 1/6
   909 | D:1      | Learned a level 2 spell: Call Imp
  1802 | D:2      | Found an iron altar of Okawaru.
  1884 | D:2      | Reached XP level 3. HP: 21/21 MP: 7/7
  2025 | D:2      | Reached skill level 4 in Stealth
  2775 | D:3      | Reached XP level 4. HP: 27/27 MP: 3/9
  2823 | D:3      | Noticed a centaur
  2834 | D:3      | Killed a centaur
  3534 | D:3      | Found an opulent altar of Gozag.
  3700 | D:3      | Reached skill level 5 in Stealth
  3938 | D:4      | Reached XP level 5. HP: 31/31 MP: 6/10
  3958 | D:4      | HP: 1/31 [orc/+0 trident (1)]
  3959 | D:4      | Slain by a worker ant

Levels and vault maps discovered:
D:1:      dpeg_arrival_arbitrary_c, layout_basic, chequers_big_river,
          chequers_decorated_corner
D:2:      kennysheep_the_goblin_king, layout_basic, bloody_trog, st_stairs_8,
          minmay_splitting_lines, okawaru_gym_becter
D:3:      layout_basic, hangedman_decor_growths, grunt_gozag_breadcrumbs
D:4:      layout_loops_ring, fedhas_altar_fruit_tree, st_stairs_14

Skill      XL: |  1  2  3  4 |
---------------+-------------+-----
Stealth        | 3 4 5 |  5.4
Summonings     | 2 |  2.9
Dodging        | |  2.0
Spellcasting   | |  3.6
Conjurations   | |  1.5
Translocations | |  1.0

Action                   |  1- 3 |  4- 6 || total
-------------------------+-------+-------++-------
Melee: Unarmed           |    28 |       ||    28
       Constrict         |    23 |     6 ||    29
       Tentacles         |    20 |     4 ||    24
       Dagger            |    75 |    26 ||   101
 Cast: Magic Dart        |    13 |       ||    13
       Call Imp          |     3 |    11 ||    14
  Use: Scroll            |       |     1 ||     1
       Potion            |       |     3 ||     3
 Stab: Sleeping          |     9 |     3 ||    12
       Distracted        |       |     1 ||     1
  Eat: Chunk             |     5 |     3 ||     8
Armor: Skin              |    12 |     1 ||    13
Dodge: Dodged            |    70 |    21 ||    91
